 Dungeon Crawl Stone Soup version 0.28.0-45-g0d030f2227 (webtiles) character file.

Game seed: 17526748253552932789

7 ultragoat the Firebug (level 2, -2/22 HPs)
             Began as a Hill Orc Fire Elementalist on Apr 15, 2022.
             Slain by a kobold
             ... wielding a +0 whip
              (4 damage)
             ... on level 1 of the Dungeon.
             The game lasted 00:00:51 (182 turns).

ultragoat the Firebug (Hill Orc Fire Elementalist)   Turns: 182, Time: 00:00:52

Health: -2/22      AC:  2    Str: 10    XL:     2   Next: 4%
Magic:  1/4        EV: 12    Int: 15    God:
Gold:   20         SH:  0    Dex: 11    Spells: 3/4 levels left

rFire   . . .      SeeInvis .   b - +0 whip
rCold   . . .      Faith    .   (no shield)
rNeg    . . .      Spirit   .   a - +0 robe
rPois   .          Reflect  .   (no helmet)
rElec   .          Harm     .   (no cloak)
rCorr   .          Rampage  .   (no gloves)
Will    .....                   (no boots)
Stlth   ++........              (no amulet)
HPRegen 0.07/turn               (no ring)
MPRegen 0.09/turn               (no ring)

@: no status effects
A: no striking features
a: no special abilities


You were on level 1 of the Dungeon.
You visited 1 branch of the dungeon, and saw 1 of its levels.

You collected 20 gold pieces.

Inventory:

Hand Weapons
 b - a +0 whip (weapon)
Armour
 a - a +0 robe (worn)
Potions
 c - a potion of heal wounds {unknown}


   Skills:
 + Level 0.4 Fighting
 - Level 1.6 Dodging
 - Level 1.6 Stealth
 * Level 1.8 Spellcasting
 + Level 1.2 Conjurations
 - Level 3.3 Fire Magic


You had 3 spell levels left.
You knew the following spells:

 Your Spells              Type           Power      Damage    Failure   Level
a - Foxfire               Conj/Fire      32%        2x1d5     9%          1

Your spell library contained the following spells:

 Spells                   Type           Power      Damage    Failure   Level
 Scorch                   Fire           22%        2d6       9%          2
 Conjure Flame            Conj/Fire      8%         6-21      26%         3
 Inner Flame              Hex/Fire       6%         N/A       34%         3
 Flame Wave               Conj/Fire      8%         2d5       65%         4


Dungeon Overview and Level Annotations

Branches:
Dungeon (1/15)

Altars:


Message History

The goblin hits you with a +0 dagger.
Casting: Foxfire (safe; 10% risk of failure)
Confirm with . or Enter, or press ? or * to list all spells.
You conjure some foxfire!
The goblin closely misses you.
You closely miss the goblin. The goblin hits you but does no damage.
You hit the goblin.
You kill the goblin!
You hit the goblin.
You kill the goblin!
Casting: Foxfire (safe; 9% risk of failure)
Confirm with . or Enter, or press ? or * to list all spells.
You conjure some foxfire!
The foxfire hits the hobgoblin.
The hobgoblin is almost dead.
The hobgoblin hits you.
You hit the hobgoblin.
You kill the hobgoblin!
You have reached level 2!
You barely miss the kobold. The kobold hits you with a +0 whip.
A rat comes into view.
The kobold barely misses you.
You completely miss the kobold. The kobold barely misses you.
You hit the kobold.
The kobold is moderately wounded.
The kobold barely misses you.
You closely miss the kobold.
The kobold is moderately wounded.
The kobold hits you with a +0 whip.
You hit the kobold but do no damage.
The kobold is moderately wounded.
The kobold hits you with a +0 whip.
* * * LOW HITPOINT WARNING * * *
You barely miss the kobold.
The kobold is moderately wounded.
The kobold hits you with a +0 whip.
* * * LOW HITPOINT WARNING * * *
The rat twitches its whiskers.
Casting: Foxfire (safe; 9% risk of failure)
Confirm with . or Enter, or press ? or * to list all spells.
You conjure some foxfire!
The kobold hits you with a +0 whip.
You die...

##.#############.#
#.#.....##......#
#.#.....##.######
#.'..<..'..#
#.#.....####
#.#.....#
#.####### #.#..vv#
#.#.##@# #†#.##K#
#.#.##)# ###
##....#K#######
..##......r.....l.
#....#...#..######
#.##..##K.....#
##..#.##......
##.#g##...###


You could see 2 kobolds and a rat.

Vanquished Creatures
  2 goblins (D:1)
  A hobgoblin (D:1)
  2 kobolds (D:1)
  A ball python (D:1)
  A bat (D:1)
7 creatures vanquished.

Vanquished Creatures (others)
  4 foxfires (D:1)
4 creatures vanquished.

Grand Total: 11 creatures vanquished

Notes
Turn   | Place    | Note
-------+----------+-------------------------------------------
     0 | D:1      | ultragoat the Hill Orc Fire Elementalist began the quest
                  | for the Orb.
     0 | D:1      | Reached XP level 1. HP: 14/14 MP: 3/3
   175 | D:1      | Reached XP level 2. HP: 11/22 MP: 1/4
   182 | D:1      | Slain by a kobold

Illustrated notes

Levels and vault maps discovered:
D:1:      minmay_arrival_checkered_box, layout_loops_ring, minmay_fountain_box,
          minmay_heptomino_w4

Action                   || total
-------------------------++-------
Melee: Whip              ||    13
       Unarmed           ||     3
 Cast: Foxfire           ||     7
  Use: Scroll            ||     1
       Potion            ||     1
Armor: Robe              ||     3
Dodge: Dodged            ||    12
